 Dungeon Sprint DCSS version 0.28-a0-909-g796cbd3a86 (webtiles) character file.

Game seed: 5596926289178571017

18774 kae the Alchemist (level 12, -10/128 HPs)
             Began as a Black Draconian Transmuter on Nov 24, 2021.
             Was the Champion of Okawaru.
             Killed from afar by Lom Lobon (47 damage)
             ... with a great icy blast
             ... in the Dungeon (Sprint I: "Red Sonja").
             The game lasted 00:10:28 (5826 turns).

kae the Alchemist (Black Draconian Transmuter)      Turns: 5826, Time: 00:10:29

Health: -10/128    AC: 27    Str: 16      XL:     12   Next: 30%
Magic:  0/25       EV: 15    Int: 15      God:    Okawaru [******]
Gold:   1049       SH:  8    Dex: 11 (12) Spells: 15/29 levels left

rFire   . . .      SeeInvis .     - Unarmed
rCold   + . .      Faith    .   (no shield)
rNeg    + + .      Spirit   +   (armour unavailable)
rPois   ∞          Reflect  .   (helmet restricted)
rElec   +          Harm     .   q - scarf {+Inv}
rCorr   .          Rampage  .   (gloves currently unavailable)
Will    +....      Rage     3%  (boots currently unavailable)
Stlth   +......... NoTele   +   s - brooch of Shielding {Spirit SH+8}
HPRegen 0.31/turn               t - ring "Axilaze" {rN+ AC+4 Int+4 Dex+2}
MPRegen 0.19/turn               m - ring "Lumpauju" {rElec rC+ Will+}

@: statue-form, unable to read, very slow
A: slow and powerful, torment resistance 1, boosted hp, (breathe lightning), AC
+8, unfitting armour, electricity resistance, cold-blooded, berserk 2, clumsy 1,
deterioration 1, dopey 2, frail 1, subdued magic 2, inability to read while
threatened
a: End Transformation, Renounce Religion, Evoke Invisibility, Heroism, Finesse


You were in the Dungeon.
You worshipped Okawaru.
Okawaru was exalted by your worship.
You were a living statue of rough stone.
You visited 1 branch You collected 3937 gold pieces.
You spent 2888 gold pieces at shops.

Inventory:

Armour
 l - the +2 pair of boots "Rosh" (melded) {rC+}
   (Okawaru gifted it to you in the Dungeon)

   rC:        It protects you from cold.
 q - a scarf of invisibility (worn)
 u - a +1 pair of gloves of dexterity (melded)
Jewellery
 a - a ring of protection from fire
 c - an amulet of reflection
 h - a +4 ring of evasion
 k - a ring of wizardry
 m - the ring "Lumpauju" (right fist) {rElec rC+ Will+}
   (You acquired it in the Dungeon)

   [ring of protection from cold]

   rC:        It protects you from cold.
   rElec:     It insulates you from electricity.
   Will:      It increases your willpower.
 s - the brooch of Shielding (around neck) {Spirit SH+8}
   (You bought it in a shop in the Dungeon)

   [amulet of guardian spirit]

   It causes incoming damage to be divided between your reserves of health and
   magic.
   SH:        It affects your SH (+8).
 t - the ring "Axilaze" (left fist) {rN+ AC+4 Int+4 Dex+2}
   (You bought it in a shop in the Dungeon)

   [ring of protection]

   AC:        It affects your AC (+4).
   Int:       It affects your intelligence (+4).
   Dex:       It affects your dexterity (+2).
   rN:        It protects you from negative energy.
Wands
 r - a wand of iceblast (4)
Potions
 b - a potion of heal wounds
 d - 3 potions of magic
 e - 5 potions of curing
 g - a potion of attraction
 i - a potion of degeneration
 j - a potion of invisibility
 n - a potion of brilliance
 o - a potion of haste
 p - 2 potions of ambrosia


   Skills:
 + Level 11.3 Fighting
 + Level 9.7 Dodging
 * Level 14.4 Unarmed Combat
 - Level 9.4 Spellcasting
 + Level 19.6 Transmutations
 - Level 9.1 Ice Magic
 * Level 3.0 Earth Magic
 - Level 9.1 Invocations


You had 15 spell levels left.
You knew the following spells:

 Your Spells              Type           Power      Damage    Failure   Level
a - Beastly Appendage     Tmut           82%        N/A       0%          1
b - Spider Form           Tmut/Pois      22%        N/A       1%          3
c - Ice Form              Ice/Tmut       31%        N/A       1%          4
d - Statue Form           Tmut/Erth      16%        N/A       11%         6

Your spell library contained the following spells:

 Spells                   Type           Power      Damage    Failure   Level
 Wereblood                Tmut           41%        N/A       0%          2
 Freeze                   Ice            84%        1d10      1%          1
 Sting                    Tmut/Pois      88%        1d7       1%          1
 Apportation              Tloc           8%         N/A       7%          1
 Ozocubu's Refrigeration  Ice            10%        4d7       86%         7
 Animate Armour           Summ/Erth      Unusable   N/A       N/A         4

Dungeon Overview and Level Annotations

Branches:
Dungeon (1/1)

Altars:
Cheibriados
Dithmenos
Elyvilon
Fedhas
Gozag
Hepliaklqana
Kikubaaqudgha
Makhleb
Nemelex Xobeh
Okawaru
Qazlal
Ru
Sif Muna
Trog
Uskayaw
Vehumet
Wu Jian
Xom
Yredelemnul
Zin
The Shining One
Jiyva
Lugonu

Shops:
D ([*((*[*?[[=(=*![*[[:=

Annotations:
D exclusion: oklob plant, Lom Lobon


Innate Abilities, Weirdness & Mutations

You are a living statue of rough stone.
Your actions are slow, but your melee attacks are powerful.
You are resistant to unholy torment.
Your maximum health is greatly increased.
You are immune to poison.
Your equipment is partially melded.
((You can breathe wild blasts of lightning.))
((Your glossy black scales are hard. (AC +8)))
You cannot fit into any form of body armour.
You are resistant to electric shocks. (rElec)
You are cold-blooded and may be slowed by cold attacks.
You often lose your temper in combat.
You are clumsy. (Dex -2)
Your body sometimes deteriorates upon taking damage.
You are very dopey. (Int -4)
You are frail. (-10% HP)
Your spells are easier to cast, but less powerful.
You sometimes lose the ability to read scrolls when taking damage.


Message History

A ball lightning comes into view.
You block Lom Lobon's attack.
The ball lightning moves out of view. 3 ball lightnings come into view.
You pummel Lom Lobon!!
Lom Lobon is lightly wounded.
You are engulfed in freezing vapours.
You resist. The ice encasing you melts away.
The ball lightning explodes!
The blast of lightning engulfs the ball lightning.
The ball lightning completely resists.
The blast of lightning engulfs Lom Lobon.
Lom Lobon completely resists.
The blast of lightning engulfs you! You resist.
* * * LOW HITPOINT WARNING * * *
The blast of lightning engulfs the ball lightning.
The ball lightning completely resists.
The ball lightning explodes!
The blast of lightning engulfs you! You resist.
* * * LOW HITPOINT WARNING * * *
The blast of lightning engulfs Lom Lobon.
Lom Lobon completely resists.
Lom Lobon gestures.
Lom Lobon blinks!
You feel much better.
You are engulfed in freezing vapours.
You resist.
You hear a clap of thunder!
The blast of lightning engulfs Lom Lobon.
Lom Lobon completely resists.
The blast of lightning engulfs the ball lightning.
The ball lightning completely resists.
The blast of lightning engulfs you. You resist.
You hear a clap of thunder!
The ball lightning explodes!
The blast of lightning engulfs Lom Lobon.
Lom Lobon completely resists.
The blast of lightning engulfs you! You resist.
* * * LOW HITPOINT WARNING * * *
Lom Lobon gestures.
Lom Lobon blinks!
Lom Lobon gestures at you.
Lom Lobon conjures a mighty blast of ice!
The great icy blast engulfs you!!! You partially resist.
You die...

#○○.###''##,##..$#..≈##§§......##
#○.###..##*,,*+###..≈#.§§§§§§...#
#.○####..###,,,#P≈..##§....§§§..#
##'#..#.○#.###,#M≈..#§..§§.}.....
##.#....○○...#,###..#.....}......
####...°.....#,#○+..##..........#
#..'......####+#°##'##..........#
#####...###,,,,#§#≈≈≈##........##
#,,,#####,,,***#8#≈≈≈≈##..[())##,
#,,,,,,,,,**#.§§.#≈≈≈≈≈########,,
,,,,,,****#○○.&###*≈≈≈≈#≈≈≈≈≈*,,,
,,,,,**,,°○○○°°*,,*'≈≈≈'≈≈,≈≈',,,
,,,,**,,,○○○°°,*,,,##≈≈#≈≈≈≈≈*≈≈≈
,,,,*,,^,○○°°°,*,,,,******'*****≈
*********○°°°^^*,,,,*≈≈≈≈≈≈≈≈≈≈**
≈≈≈≈≈≈≈,*○○○○,,*******≈≈≈≈≈≈≈≈≈≈≈
*********,,,,,,+,,*,,',,,≈≈≈≈≈≈≈*


You could see Lom Lobon (gusty).

Vanquished Creatures
  A golden dragon (D)
  A shadow dragon (D)
  A lorocyproca (D)
  A deep elf annihilator (D)
  A hydra (D)
  2 centaur warriors (D)
  Sonja (D)
  A deep troll (D)
  A lindwurm (D)
  8 shining eyes (D)
  An oklob plant (D)
  2 merfolk sirens (D)
  2 gargoyles (D)
  2 unseen horrors (D)
  2 kobold demonologists (D)
  4 demonic crawlers (D)
  A hellwing (D)
  5 hornets (D)
  A slime creature (D)
  2 redbacks (D)
  Sigmund (D)
  A yak (D)
  13 hogs (D)
  7 floating eyes (D)
  7 necrophages (D)
  An ogre (D)
  8 jellies (D)
  Ijyb (D)
  A ballistomycete spore (D)
80 creatures vanquished.

Vanquished Creatures (others)
  3 ball lightnings (D)
  A ballistomycete spore (D)
4 creatures vanquished.

Grand Total: 84 creatures vanquished

Notes
Turn   | Place    | Note
-------+----------+-------------------------------------------
     0 | D        | kae the Draconian Transmuter began the quest for the Orb.
     0 | D        | Reached XP level 1. HP: 16/16 MP: 3/3
     4 | D        | Noticed Ijyb
    21 | D        | Killed Ijyb
    22 | D        | Reached skill level 3 in Transmutations
    22 | D        | Reached XP level 2. HP: 7/25 MP: 4/6
   259 | D        | Noticed an ogre
   264 | D        | Killed an ogre
   265 | D        | Reached skill level 5 in Unarmed Combat
   265 | D        | Reached skill level 4 in Transmutations
   265 | D        | Reached XP level 3. HP: 33/33 MP: 6/8
   265 | D        | Reached XP level 4. HP: 40/40 MP: 6/9
   292 | D        | Learned a level 3 spell: Spider Form
   297 | D        | Learned a level 4 spell: Ice Form
   298 | D        | Noticed Sigmund
   306 | D        | Killed Sigmund
   307 | D        | Reached skill level 5 in Fighting
   307 | D        | Reached skill level 6 in Transmutations
   307 | D        | Reached XP level 5. HP: 21/48 MP: 7/12
   683 | D        | Found an ornate altar of the Wu Jian Council.
   683 | D        | Found a shimmering blue altar of Sif Muna.
   687 | D        | Found a radiant altar of Vehumet.
   688 | D        | Identified the -5 helmet of Qazlal's Pride {Str+3}
   691 | D        | Reached XP level 6. HP: 52/56 MP: 9/13
   720 | D        | Found Zacel's Antique Weapon Emporium.
   720 | D        | Found an ancient bone altar of Kikubaaqudgha.
   720 | D        | Found a hazy altar of Hepliaklqana.
   720 | D        | Found a stormy altar of Qazlal.
   720 | D        | Found a hide-covered altar of Uskayaw.
   720 | D        | Found a blossoming altar of Fedhas.
   720 | D        | Found a bloodstained altar of Trog.
   720 | D        | Found an iron altar of Okawaru.
   720 | D        | Found a basalt altar of Yredelemnul.
   720 | D        | Found a glowing golden altar of the Shining One.
   720 | D        | Found a snail-covered altar of Cheibriados.
   720 | D        | Found a sacrificial altar of Ru.
   720 | D        | Found a glowing silver altar of Zin.
   720 | D        | Found a shadowy altar of Dithmenos.
   720 | D        | Found a white marble altar of Elyvilon.
   720 | D        | Noticed a yak
   724 | D        | Killed a yak
   725 | D        | Reached skill level 5 in Dodging
   725 | D        | Reached skill level 5 in Spellcasting
   725 | D        | Reached skill level 7 in Transmutations
   725 | D        | Found an opulent altar of Gozag.
   726 | D        | Found a sparkling altar of Nemelex Xobeh.
   820 | D        | Became a worshipper of Warmaster Okawaru
   848 | D        | Found a burning altar of Makhleb.
   848 | D        | Found a viscous altar of Jiyva.
   848 | D        | Found a shimmering altar of Xom.
   848 | D        | Found a corrupted altar of Lugonu.
   848 | D        | Noticed a slime creature
   857 | D        | Killed a slime creature
   858 | D        | Reached skill level 8 in Transmutations
   858 | D        | Reached skill level 1 in Invocations
   858 | D        | Your scales start taking on a glossy black colour.
   858 | D        | Reached XP level 7. HP: 61/63 MP: 10/15
   858 | D        | Gained mutation: You are resistant to electric shocks.
                  | (rElec) [Black Draconian growth]
   931 | D        | Noticed a kobold demonologist
  1036 | D        | Noticed a kobold demonologist
  1045 | D        | Killed a kobold demonologist
  1048 | D        | Killed a kobold demonologist
  1048 | D        | Reached * piety under Okawaru
  1049 | D        | Reached skill level 9 in Transmutations
  1049 | D        | Reached skill level 5 in Ice Magic
  1049 | D        | Reached XP level 8. HP: 73/73 MP: 12/17
  1058 | D        | Noticed a centaur warrior
  1066 | D        | Killed a centaur warrior
  1066 | D        | Reached ** piety under Okawaru
  1067 | D        | Reached skill level 10 in Unarmed Combat
  1067 | D        | Reached skill level 10 in Transmutations
  1144 | D        | Noticed a centaur warrior
  1159 | D        | Killed a centaur warrior
  1160 | D        | Reached skill level 5 in Invocations
  1160 | D        | Reached XP level 9. HP: 50/81 MP: 14/19
  1292 | D        | Noticed a deep troll
  1300 | D        | HP: 1/97 [deep troll (15)]
  1301 | D        | Killed a deep troll
  1302 | D        | Reached skill level 11 in Transmutations
  1766 | D        | Noticed an oklob plant
  1780 | D        | Killed an oklob plant
  1798 | D        | Found Puifull's Armour Emporium.
  1910 | D        | Reached *** piety under Okawaru
  2120 | D        | Killed an unseen horror
  2121 | D        | Reached XP level 10. HP: 91/91 MP: 16/21
  2250 | D        | Reached skill level 12 in Transmutations
  2271 | D        | Reached **** piety under Okawaru
  2290 | D        | Got Kiyno's Papyrus of Displaced Ice
  2291 | D        | Identified the +0 plate armour of the Game Afoot {+Inv MP+9
                  | Str+7 Dex-2}
  2324 | D        | Found Suitiups's General Store.
  2324 | D        | Found Lioshaef's Antique Armour Shop.
  2324 | D        | Found Likajom's Magic Scroll Boutique.
  2326 | D        | Found Yfoati's Armour Emporium.
  2326 | D        | Found Viofoid's Armour Shop.
  2326 | D        | Found Jih Hae's Jewellery Shoppe.
  2326 | D        | Found Lumm's Weapon Boutique.
  2326 | D        | Found Besoxzy's Jewellery Emporium.
  2326 | D        | Found Kybbog's Assorted Antiques.
  2326 | D        | Found Yhaurpho's Distillery.
  2330 | D        | Found Detrasen's Antique Armour Boutique.
  2333 | D        | Found Ivimoite's Armour Emporium.
  2333 | D        | Found Oplogguerph's General Store.
  2334 | D        | Found Eclec's Book Emporium.
  2338 | D        | Bought a scroll labelled MOUM PU MEQUI for 32 gold pieces
  2338 | D        | Bought a viscous black potion for 28 gold pieces
  2343 | D        | Bought the Catalogue of Earth and Poison for 280 gold
                  | pieces
  2350 | D        | Learned a level 6 spell: Statue Form
  2542 | D        | Bought an amulet of reflection for 330 gold pieces
  2552 | D        | Bought a scroll of blinking for 240 gold pieces
  2553 | D        | Bought a potion of curing for 36 gold pieces
  2556 | D        | Bought a potion of invisibility for 88 gold pieces
  2941 | D        | Noticed a lindwurm
  2947 | D        | Killed a lindwurm
  2948 | D        | Reached skill level 10 in Fighting
  2958 | D        | Reached ***** piety under Okawaru
  2963 | D        | Reached skill level 13 in Transmutations
  2970 | D        | Reached XP level 11. HP: 80/101 MP: 20/24
  2978 | D        | Identified the +2 pair of boots "Rosh" {rC+} (Okawaru
                  | gifted it to you in the Dungeon)
  2978 | D        | Received a gift from Okawaru
  3147 | D        | Identified the +0 tower shield of Untruth {Will+}
  3147 | D        | Noticed a daeva
  3226 | D        | Killed a lorocyproca
  3762 | D        | Noticed Sonja
  3904 | D        | Gained mutation: You are clumsy. (Dex -2) [mutagenic glow]
  3969 | D        | Killed Sonja
  4063 | D        | Found Ecept's Weapon Boutique.
  4077 | D        | Noticed a shining eye
  4077 | D        | Noticed a shining eye
  4077 | D        | Noticed a shining eye
  4077 | D        | Gained mutation: Your spells are a little easier to cast,
                  | but a little less powerful. [a shining eye]
  4079 | D        | Paralysed by a floating eye for 2 turns
  4085 | D        | Reached skill level 14 in Transmutations
  4088 | D        | Killed a shining eye
  4089 | D        | Noticed a shining eye
  4091 | D        | Killed a shining eye
  4094 | D        | Noticed a shining eye
  4094 | D        | Noticed a shining eye
  4096 | D        | Killed a shining eye
  4096 | D        | Gained mutation: You tend to lose your temper in combat. [a
                  | shining eye]
  4097 | D        | Reached skill level 15 in Transmutations
  4098 | D        | Paralysed by a floating eye for 3 turns
  4106 | D        | Killed a shining eye
  4110 | D        | Killed a shining eye
  4111 | D        | Reached skill level 16 in Transmutations
  4113 | D        | Killed a shining eye
  4146 | D        | Noticed a shining eye
  4146 | D        | Noticed a shining eye
  4147 | D        | Gained mutation: Your body sometimes deteriorates upon
                  | taking damage. [a shining eye]
  4150 | D        | Gained mutation: You often lose your temper in combat. [a
                  | shining eye]
  4152 | D        | Paralysed by a floating eye for 3 turns
  4152 | D        | Gained mutation: Your spells are easier to cast, but less
                  | powerful. [a shining eye]
  4153 | D        | Gained mutation: You are dopey. (Int -2) [a shining eye]
  4156 | D        | Gained mutation: You have hidden genetic defects. [a
                  | shining eye]
  4160 | D        | Killed a shining eye
  4162 | D        | Gained mutation: You are frail. (-10% HP) [a shining eye]
  4164 | D        | Killed a shining eye
  4165 | D        | Reached skill level 17 in Transmutations
  4195 | D        | Found Supeesh's Weapon Shop.
  4195 | D        | Found Feobryli's Antique Armour Shoppe.
  4195 | D        | Found Veuplic's Assorted Antiques.
  4195 | D        | Found Duelusobo's Assorted Antiques.
  4202 | D        | Bought a sedimented pink potion for 22 gold pieces
  4202 | D        | Bought a sedimented pink potion for 22 gold pieces
  4202 | D        | Bought a runed scarf for 200 gold pieces
  4209 | D        | Bought a scroll labelled XUUF WELIQOI for 25 gold pieces
  4209 | D        | Bought a scroll labelled YMEQYC BINOTTA for 25 gold pieces
  4209 | D        | Bought 2 potions of heal wounds for 250 gold pieces
  4370 | D        | Noticed a 12-headed hydra
  4372 | D        | Paralysed by a floating eye for 4 turns
  4377 | D        | Killed a 12-headed hydra
  4378 | D        | Paralysed by a floating eye for 4 turns
  4691 | D        | Noticed a shadow dragon
  4692 | D        | Noticed a golden dragon
  4708 | D        | Killed a shadow dragon
  4709 | D        | Reached skill level 18 in Transmutations
  4713 | D        | Gained mutation: You are very dopey. (Int -4) [hidden
                  | defects]
  4867 | D        | Killed a golden dragon
  4867 | D        | Reached ****** piety under Okawaru
  4867 | D        | Received a gift from Okawaru
  4868 | D        | Reached skill level 19 in Transmutations
  4868 | D        | Reached XP level 12. HP: 8/97 MP: 21/25
  5176 | D        | Identified a scroll of acquirement
  5176 | D        | Acquired the ring "Lumpauju" {rElec rC+ Will+}
  5189 | D        | Found Munnoaket's Jewellery Shoppe.
  5209 | D        | Bought the brooch of Shielding {Spirit SH+8} for 653 gold
                  | pieces
  5209 | D        | Found the brooch of Shielding {Spirit SH+8}
  5209 | D        | Bought the ring "Axilaze" {rN+ AC+4 Int+4 Dex+2} for 657
                  | gold pieces
  5273 | D        | Noticed a deep elf annihilator
  5298 | D        | Reached skill level 1 in Earth Magic
  5306 | D        | Gained mutation: You sometimes lose the ability to read
                  | scrolls when taking damage. [hidden defects]
  5306 | D        | Lost mutation: You have hidden genetic defects. [hidden
                  | defects expressed]
  5313 | D        | Paralysed by a hornet for 3 turns
  5789 | D        | Noticed a mummy priest
  5792 | D        | Killed a deep elf annihilator
  5814 | D        | Noticed Lom Lobon
  5826 | D        | Killed from afar by Lom Lobon

Illustrated notes

Levels and vault maps discovered:
D:        dungeon_sprint_1 [red_sonja_temple_1, red_sonja_temple_small_1]

Skill      XL: |  1  2  3  4  5  6  7  8  9 10 11 12 |
---------------+-------------------------------------+-----
Fighting       | 2 4 5 6 7 8 9 10 11 | 11.3
Dodging        | 2 3 4 5 6 7 9 |  9.7
Spellcasting   | 3 4 5 6 7 9 |  9.4
Transmutations | 3 4 6 8 9 10 11 13 19 | 19.6
Unarmed Combat | 5 6 7 8 9 10 11 13 14 | 14.4
Ice Magic      | 2 4 5 6 7 8 9 |  9.1
Invocations    | 1 3 5 6 8 9 |  9.1
Earth Magic    | 3 |  3.0

Action                   |  1- 3 |  4- 6 |  7- 9 | 10-12 || total
-------------------------+-------+-------+-------+-------++-------
Melee: Unarmed           |    19 |    17 |    38 |   172 ||   246
       Kick              |     4 |       |       |       ||     4
       Headbutt          |     3 |       |       |       ||     3
       Tailslap          |     1 |       |       |     9 ||    10
       Punch             |     1 |       |       |     5 ||     6
 Cast: Beastly Appendage |     2 |       |       |       ||     2
       Spider Form       |       |     2 |       |       ||     2
       Ice Form          |       |     2 |     6 |    12 ||    20
       Statue Form       |       |       |       |     8 ||     8
Invok: Heroism           |       |       |     4 |     5 ||     9
 Abil: Breathe Lightning |       |       |     1 |       ||     1
       End Transformatio |       |       |       |     2 ||     2
Evoke: Wand              |       |       |       |     1 ||     1
  Use: Potion            |     2 |     1 |       |     2 ||     5
       Scroll            |       |       |       |    11 ||    11
 Stab: Sleeping          |       |       |     1 |       ||     1
Armor: Skin              |     2 |     3 |    15 |   130 ||   150
Dodge: Dodged            |     3 |     6 |    22 |    98 ||   129
Block: Other             |       |       |       |    37 ||    37

Table legend: (Time is in decaauts)
 A = Elapsed time spent in this place.
 B = Non-inter-level travel time spent in this place.
 C = Inter-level travel time spent in this place.
 D = Time resting spent in this place.
 E = Time spent auto-exploring this place.
 F = Levels seen in this place.
 G = Mean time per level.
                   A        B        C        D        E       F      G
               +--------+--------+--------+--------+--------+-----+--------+
         Total |   5868 |   5829 |     39 |   3959 |    544 |   1 | 5868.0 |
       Dungeon |   5868 |   5829 |     39 |   3959 |    544 |   1 | 5868.0 |
               +--------+--------+--------+--------+--------+-----+--------+

Top non-repeatable levels by time:
       D: 5868 daAuts
